AoeStats
← Gim

Yucatan

503133436Analyzed
4v4 RM · 1mo ago on Aug 30, 2026· 69m 2s· 8 players
Game mode
Random Map
Map size
Large (8 player)
Population
200
Speed
Normal
Resources
Standard
Victory
Conquest
Starting age
Dark Age
Ending age
Imperial Age
RankedLock teamsTeams togetherTeam positionsShared explorationLock speedFull tech treeHidden civsTurbo modeCheats
Victory
Defeat
🇯🇵 Armenians · Japan
1237
+17
🇺🇸 Italians · United States
1198
+18
🇨🇳 Hindustanis · China
1197
+18
🇯🇵 Cumans · Japan
1172
+20
🇹🇼 Britons · Taiwan
1281
-20
🇹🇷 Shu · Türkiye
1260
-19
🇮🇳 Franks · India
1257
-19
🇹🇷 Dravidians · Türkiye
1204
-16
alien
10:24 Feudal Age
10:30 Man-at-Arms
11:50 Long Swordsman
13:42 Forging
21:05 Castle Age
24:32 Loom
25:22 Wheelbarrow
25:22 Scale Mail Armor
27:01 Double-Bit Axe
28:48 Horse Collar
35:55 Imperial Age
33:22 Fletching
34:18 Crossbowman
36:16 Bow Saw
36:45 Arbalester
37:23 Bodkin Arrow
37:28 Padded Archer Armor
37:45 Hand Cart
40:30 Gold Mining
42:01 Conscription
42:13 Pikeman
42:39 Gambesons
42:55 Squires
44:47 Iron Casting
44:28 Leather Archer Armor
45:32 Bracer
45:27 Elite Skirmisher
47:20 Two-Handed Swordsman
49:04 Blast Furnace
48:20 Chain Mail Armor
48:35 Ring Archer Armor
48:40 Champion
50:29 Halberdier
56:02 Plate Mail Armor
55:47 Elite Composite Bowman
56:36 Fereters
58:48 Capped Ram
60:08 Siege Ram
Gim
10:02 Feudal Age
13:42 Castle Age
11:40 Double-Bit Axe
17:48 Gold Mining
17:39 Horse Collar
20:29 Loom
23:56 Wheelbarrow
27:38 Hand Cart
28:20 Scale Barding Armor
28:28 Bloodlines
28:18 Husbandry
30:57 Imperial Age
29:38 Chain Barding Armor
29:45 Town Watch
30:15 Forging
31:46 Iron Casting
32:00 Conscription
31:02 Heavy Camel Rider
32:52 Gold Shaft Mining
32:08 Stone Mining
32:33 Heavy Plow
32:44 Bow Saw
32:36 Imperial Camel Rider
34:27 Plate Barding Armor
34:47 Siege Engineers
36:13 Blast Furnace
37:45 Stone Shaft Mining
37:12 Town Patrol
37:44 Fletching
38:30 Siege Elephant
40:13 Chemistry
39:41 Bodkin Arrow
40:56 Two-Man Saw
41:27 Bracer
41:28 Padded Archer Armor
41:51 Ballistics
43:20 Hoardings
43:26 Elite Ghulam
44:50 Fortified Wall
44:56 Elite Ghulam
64:35 Scale Mail Armor
Agni Basquiat
11:14 Feudal Age
11:59 Double-Bit Axe
12:31 Horse Collar
14:21 Gold Mining
18:47 Wheelbarrow
19:58 Loom
20:23 Scale Barding Armor
20:12 Stone Mining
21:21 Forging
23:35 Castle Age
21:56 Bloodlines
24:27 Bow Saw
24:47 Heavy Plow
25:25 Gold Shaft Mining
28:28 Pikeman
29:11 Scale Mail Armor
32:12 Imperial Age
34:48 Iron Casting
34:18 Light Cavalry
35:22 Chain Barding Armor
36:11 Crop Rotation
36:47 Two-Man Saw
37:11 Fletching
38:28 Bodkin Arrow
38:53 Padded Archer Armor
39:02 Thumb Ring
40:15 Blast Furnace
38:39 Hussar
39:51 Conscription
41:19 Cuman Mercenaries
41:39 Leather Archer Armor
41:52 Parthian Tactics
41:34 Squires
43:21 Hand Cart
44:29 Steppe Husbandry
45:34 Plate Barding Armor
45:56 Ring Archer Armor
45:21 Elite Kipchak
45:26 Elite Steppe Lancer
48:17 Chain Mail Armor
47:25 Halberdier
50:12 Plate Mail Armor
49:11 Cavalier
54:59 Chemistry
54:20 Ballistics
55:17 Murder Holes
55:00 Paladin
56:50 Town Watch
64:56 Caravan
66:16 Hoardings
66:17 Masonry
Onager try again
2:42 Loom
10:51 Feudal Age
11:54 Double-Bit Axe
21:03 Castle Age
23:02 Horse Collar
25:48 Fletching
32:07 Bodkin Arrow
35:12 Imperial Age
34:14 Padded Archer Armor
34:39 Bloodlines
34:30 Husbandry
36:20 Conscription
36:31 Ballistics
37:49 Wheelbarrow
37:22 Scale Barding Armor
37:27 Forging
40:56 Fortified Wall
44:01 Chemistry
47:40 Caravan
47:22 Elite Skirmisher
48:32 Leather Archer Armor
59:38 Thumb Ring
65:06 Bracer
Veritas of the Dark
8:27 Loom
10:40 Feudal Age
11:31 Double-Bit Axe
14:29 Fletching
18:30 Padded Archer Armor
24:39 Castle Age
25:17 Bodkin Arrow
25:31 Crossbowman
27:23 Bow Saw
27:08 Horse Collar
29:19 Wheelbarrow
Chaos Merchant
6:32 Loom
9:05 Feudal Age
11:27 Double-Bit Axe
14:38 Forging
18:49 Castle Age
17:22 Scale Barding Armor
19:46 Wheelbarrow
25:36 Bow Saw
26:56 Stone Mining
28:28 Gold Mining
29:17 Husbandry
33:26 Imperial Age
32:30 Hand Cart
32:43 Chain Barding Armor
34:55 Plate Barding Armor
33:45 Cavalier
35:45 Chemistry
35:45 Paladin
36:46 Masonry
37:48 Conscription
37:29 Chivalry
41:28 Iron Casting
44:21 Coinage
44:53 Blast Furnace
52:16 Fletching
61:40 Ballistics
61:17 Bodkin Arrow
61:59 Hoardings
65:51 Elite Throwing Axeman
68:03 Squires
BAŞARAMADIM
2:58 Loom
12:00 Feudal Age
12:07 Feudal Age
12:40 Double-Bit Axe
15:24 Horse Collar
15:34 Gold Mining
15:35 Stone Mining
21:53 Castle Age
21:36 Fletching
22:33 Crossbowman
23:19 Thumb Ring
23:47 Bow Saw
29:30 Gold Shaft Mining
29:56 Wheelbarrow
34:33 Imperial Age
31:45 Elite Skirmisher
32:51 Bodkin Arrow
32:56 Padded Archer Armor
34:32 Ballistics
36:06 Hand Cart
35:37 Town Watch
35:50 Arbalester
37:00 Bracer
37:16 Leather Archer Armor
40:31 Chemistry
39:38 Siege Engineers
40:51 Bolt Magazine
41:52 Town Patrol
45:24 Leather Archer Armor
45:20 Forging
45:10 Scale Mail Armor
45:16 Scale Barding Armor
45:17 Coiled Serpent Array
45:37 Conscription
logibll777
10:51 Feudal Age
11:54 Loom
15:27 Castle Age
13:47 Double-Bit Axe
14:20 Gold Mining
17:01 Bow Saw
17:44 Wheelbarrow
23:52 Horse Collar
27:23 Town Watch
28:00 Fletching
28:11 Padded Archer Armor
29:10 Thumb Ring
29:49 Bodkin Arrow
31:23 Husbandry
36:49 Imperial Age
36:07 Hand Cart
37:22 Leather Archer Armor
39:06 Forging
40:12 Heavy Plow
40:46 Masonry
48:38 Elite Elephant Archer
55:16 Bracer
56:41 Ballistics
Connection lost

Rejoining the realm…

Still unreachable

The connection could not be restored.

Session expired

The server has moved on; the page needs a fresh start.